 Dungeon Crawl Stone Soup version 0.27.1-33-g824d729ab1 (webtiles) character file.

Game seed: 15667464715780165733

71 SensoryNuts the Ruffian (level 4, -3/45 HPs)
             Began as a Troll Monk on Dec 6, 2021.
             Slain by a gnoll (9 damage)
             ... on level 3 of the Dungeon.
             The game lasted 00:02:48 (1852 turns).

SensoryNuts the Ruffian (Troll Monk)                Turns: 1852, Time: 00:02:49

Health: -3/45      AC:  4    Str: 20    XL:     4   Next: 5%
Magic:  3/3        EV: 10    Int:  6    God:
Gold:   65         SH:  0    Dex: 12    Spells: 3/3 levels left

rFire    . . .     SeeInvis .   f - +0 club
rCold    . . .     Faith    .   (no shield)
rNeg     . . .     Spirit   .   a - +0 robe
rPois    .         Reflect  .   (helmet restricted)
rElec    .         Harm     .   (no cloak)
rCorr    .         Rampage  .   (gloves unavailable)
Will     .....                  (boots unavailable)
Stlth    ++........             (no amulet)
HPRegen  1.15/turn              (no ring)
MPRegen  0.08/turn              (no ring)

@: flying
A: large, unfitting armour, claws 3, regeneration 1, shaggy fur 1, tough skin 1
a: no special abilities


You were on level 3 of the Dungeon.
You visited 1 branch of the dungeon, and saw 3 of its levels.

You collected 65 gold pieces.

Inventory:

Hand Weapons
 f - a +0 club (weapon)
Armour
 a - a +0 robe (worn)
Jewellery
 b - a ring of see invisible
 j - a ring of positive energy
 k - an amulet of faith
Scrolls
 c - 2 scrolls of summoning {unknown}
 d - a scroll of blinking {unknown}
 i - 2 scrolls of immolation
 l - a scroll of teleportation {unknown}
 m - a scroll of enchant armour {unknown}
Potions
 g - a potion of invisibility {unknown}
 h - a potion of attraction {unknown}


   Skills:
 + Level 3.0 Fighting
 + Level 0.9 Maces & Flails
 + Level 2.9 Dodging
 + Level 1.1 Stealth
 + Level 3.6 Unarmed Combat


You had 3 spell levels left.
You didn't know any spells.
Your spell library contained the following spells:

 Spells                   Type           Power      Damage    Failure   Level
 Ozocubu's Armour         Ice            0%         N/A       83%         3
 Stone Arrow              Conj/Erth      0%         3d7       83%         3
 Animate Armour           Summ/Erth      0%         N/A       99%         4
 Ozocubu's Refrigeration  Ice            0%         4d5       100%        7
 Lehudib's Crystal Spear  Conj/Erth      0%         10d2      100%        8


Dungeon Overview and Level Annotations

Branches:
Dungeon (3/15)

Altars:

Shops:
D:1 =   D:3 *


Innate Abilities, Weirdness & Mutations

You are too large for most types of armour.
You have claws for hands.
Your natural rate of healing is unusually fast.
You are covered in fur. (AC +1)
You have tough skin. (AC +1)


Message History

You barely miss the ball python. The ball python misses you.
The ball python barely misses you.
You hit the ball python.
You kill the ball python!
An orc comes into view. It is wielding a +0 mace.
Found 19 stones.
An orc is nearby!
An orc is nearby!
An orc is nearby! 2 gnolls come into view.
The gnoll shouts!
The gnoll shouts!
You hear a shout!
A gnoll comes into view. It is wielding a +0 spear.
You hit the orc.
The orc is heavily wounded.
The orc hits you with a +0 mace.
The gnoll hits you from afar with a +0 halberd.
You hit the orc.
The orc is severely wounded.
The orc hits you but does no damage.
The gnoll hits you from afar with a +0 halberd!
The gnoll hits you from afar with a +0 halberd.
The orc hits you with a +0 mace.
You barely miss the orc.
The orc is severely wounded.
The gnoll hits you with a +0 flail. The orc closely misses you.
The gnoll closely misses you.
The gnoll hits you from afar with a +0 spear.
You barely miss the orc.
The orc is severely wounded.
The gnoll barely misses you. The orc hits you with a +0 mace.
The gnoll hits you from afar with a +0 halberd!
* * * LOW HITPOINT WARNING * * *
The gnoll hits you from afar with a +0 spear.
* * * LOW HITPOINT WARNING * * *
Okay, then.
It was a potion of flight.
You feel very buoyant.
You fly up into the air.
The gnoll hits you with a +0 flail!
You die...

......#..# #..#
......##.####.#
..............#
............##
#........#
###..#.#.#
#.##.#.#
#.##.##.#.#
#..g@##.#.#
#.....o##....
###.g.g..#...
#...... ...
#.....##
......#
##.....#
#.....#


You could see 3 gnolls and an orc.

Vanquished Creatures
  An adder (D:2)
  2 dart slugs (D:1)
  4 ball pythons
  3 bats
  7 endoplasms
  2 giant cockroaches
  6 goblins
  2 hobgoblins
  11 jackals
  3 quokkas (D:1)
  2 frilled lizards (D:1)
  A kobold (D:1)
  4 rats
48 creatures vanquished.

Notes
Turn   | Place    | Note
-------+----------+-------------------------------------------
     0 | D:1      | SensoryNuts the Troll Monk began the quest for the Orb.
     0 | D:1      | Reached XP level 1. HP: 22/22 MP: 0/0
    74 | D:1      | Reached XP level 2. HP: 29/29 MP: 1/1
   238 | D:1      | Found Jiekaeg's Jewellery Emporium.
   778 | D:1      | Reached XP level 3. HP: 36/36 MP: 2/2
  1016 | D:2      | Found a faded altar of an unknown god.
  1754 | D:3      | Found Xuuh's General Store.
  1783 | D:3      | Reached XP level 4. HP: 42/44 MP: 3/3
  1852 | D:3      | Slain by a gnoll

Illustrated notes

Levels and vault maps discovered:
D:1:      roderic_chinese_lattice_arrival, layout_basic, serial_shops,
          nicolae_shop_stone, serial_park_tiny_2
D:2:      layout_loops_cross, hellmonk_ecumenical_altar_blasted, st_stairs_5
D:3:      layout_rooms, serial_shops, nicolae_shop_stone, minmay_diced_spiral

Skill      XL: |  1  2  3  4 |
---------------+-------------+-----
Fighting       | 3 |  3.0
Maces & Flails | |  0.9
Dodging        | |  2.9
Stealth        | |  1.1
Unarmed Combat | |  3.6

Action                   |  1- 3 |  4- 6 || total
-------------------------+-------+-------++-------
Melee: Unarmed           |    31 |       ||    31
       Club              |   160 |    15 ||   175
       Punch             |     4 |       ||     4
  Use: Potion            |     1 |     1 ||     2
 Stab: Sleeping          |     3 |       ||     3
Armor: Robe              |   128 |    10 ||   138
Dodge: Dodged            |   238 |    14 ||   252
